 Dungeon Crawl Stone Soup version 0.29-a0-648-g6b26cc9f40 (webtiles) character file.

Game seed: 2402865622866381413

54 Bnni the Skirmisher (level 3, -12/29 HPs)
             Began as a Demonspawn Fighter on June 20, 2022.
             Mangled by Crazy Yiuf
             ... wielding a +4 quarterstaff of chaos
              (17 damage)
             ... on level 2 of the Dungeon.
             The game lasted 00:06:59 (1919 turns).

Bnni the Skirmisher (Demonspawn Fighter)            Turns: 1919, Time: 00:07:00

Health: -12/29     AC:  7    Str: 18    XL:     3   Next: 66%
Magic:  3/3        EV: 11    Int:  9    God:
Gold:   127        SH:  4    Dex: 12    Spells: 2/2 levels left

rFire   . . .      SeeInvis .   a - +0 trident
rCold   . . .      Faith    .   c - +0 buckler
rNeg    . . .      Spirit   .   b - +0 scale mail
rPois   .          Reflect  .   (no helmet)
rElec   .          Harm     .   (no cloak)
rCorr   .          Rampage  .   (no gloves)
Will    .....                   e - +0 pair of boots
Stlth   ..........              (no amulet)
HPRegen 0.09/turn               l - +4 ring of slaying
MPRegen 0.08/turn               (no ring)

@: hasted, very quick
A: repulsion field 1, powered by pain 1
a: no special abilities


You were on level 2 of the Dungeon.
You visited 1 branch of the dungeon, and saw 2 of its levels.
You visited the Abyss 1 time.

You collected 127 gold pieces.

Inventory:

Hand Weapons
 a - a +0 trident (weapon)
Missiles
 h - 2 poisoned darts (quivered)
Armour
 b - a +0 scale mail (worn)
 c - a +0 buckler (worn)
 e - a +0 pair of boots (worn)
Jewellery
 l - a +4 ring of slaying (left hand)
Scrolls
 i - 3 scrolls of acquirement {unknown}
 j - a scroll of fear {unknown}
 n - a scroll of identify {unknown}
 o - a scroll of noise {unknown}
 p - 4 scrolls of magic mapping {unknown}
 q - a scroll of enchant armour {unknown}
Potions
 d - a potion of might
 k - a potion of brilliance {unknown}
 m - a potion of flight {unknown}


   Skills:
 + Level 3.6 Fighting
 * Level 3.2 Polearms
 - Level 2.6 Armour
 - Level 2.6 Shields


You had 2 spell levels left.
You didn't know any spells.
Your spell library contained the following spells:

 Spells                   Type           Power      Damage    Failure   Level
 Magic Dart               Conj           0%         1d3       86%         1
 Summon Small Mammal      Summ           0%         N/A       86%         1
 Call Imp                 Summ           0%         N/A       95%         2
 Call Canine Familiar     Summ           0%         N/A       99%         3
 Mephitic Cloud           Conj/Pois/Air  0%         N/A       99%         3
 Summon Guardian Golem    Hex/Summ       0%         N/A       99%         3
 Hailstorm                Conj/Ice       0%         3d3       100%        4
 Ice Form                 Ice/Tmut       0%         N/A       100%        4
 Simulacrum               Ice/Necr       0%         N/A       100%        6


Dungeon Overview and Level Annotations

Branches:
Dungeon (2/15)

Altars:

Annotations:
D:2 Crazy Yiuf


Innate Abilities, Weirdness & Mutations

You are surrounded by a mild repulsion field. (EV +2)
You sometimes gain a little power by taking damage.


Message History

You hit the starcursed mass.
The starcursed mass is heavily damaged.
The starcursed mass shudders and is absorbed by its neighbour.
A chorus of shrieks assaults your mind.
* * * LOW HITPOINT WARNING * * *
You feel better.
A starcursed mass splits.
Reach: a) +0 trident
Press: ? - help, Dir - move target, f - starcursed mass
Aim: a starcursed mass (silenced, heavily damaged, about 2% to evade your +0 trident)
You reach to attack!
You hit the starcursed mass but do no damage.
The starcursed mass is heavily damaged.
You are suddenly pulled into a different region of the Abyss!
Okay, then.
Found a gateway leading out of the Abyss.
You feel a little less mighty now.
There is a gateway leading out of the Abyss here.
You feel yourself growing ill in the presence of the ancient zyme.
You pass through the gate.
Welcome back to the Dungeon!
Level annotation: Crazy Yiuf Crazy Yiuf hits you but does no damage.
You feel yourself speed up.
You hit Crazy Yiuf.
Crazy Yiuf is moderately wounded.
Crazy Yiuf barely misses you.
You hit Crazy Yiuf.
Crazy Yiuf is severely wounded.
You barely miss Crazy Yiuf.
Crazy Yiuf is severely wounded.
You block Crazy Yiuf's attack.
You closely miss Crazy Yiuf.
Crazy Yiuf is severely wounded.
Crazy Yiuf hits you with a +4 quarterstaff of chaos!
* * * LOW HITPOINT WARNING * * *
Crazy Yiuf draws strength from your wounds!
You hit Crazy Yiuf but do no damage.
Crazy Yiuf is heavily wounded.
Crazy Yiuf hits you with a +4 quarterstaff of chaos!
Ouch! That really hurt!
You die...

##.###.#
######....#
#..#####.#
##.###.#
#....# #.)#
#...##.#
♣PP.P♣ #..#
#...##.#
♣♣P..♣ #...
#<..##.#
♣♣.♣♣ #.##.
.......#
♣♣.♣ #. .#
#..#####
♣.♣♣ #. #
...####
♣♣g♣ #.
......+
♣@♣♣ #.
...#### #'#
#..# ...
##.# #...#
...# #)..#
#### #####
# ####
##### #..##
..>.#
#.#.##


You could see Crazy Yiuf.

Vanquished Creatures
  A gnoll (D:1)
  A dart slug (D:1)
  4 ball pythons (D:1)
  5 endoplasms
  2 giant cockroaches (D:1)
  7 goblins
  5 hobgoblins
  A quokka (D:1)
  3 bats (D:1)
  2 frilled lizards
  5 kobolds
  A rat (D:2)
37 creatures vanquished.

Notes
Turn   | Place    | Note
-------+----------+-------------------------------------------
     0 | D:1      | Bnni the Demonspawn Fighter began the quest for the Orb.
     0 | D:1      | Reached XP level 1. HP: 18/18 MP: 1/1
     6 | D:1      | Noticed an anaconda
     6 | D:1      | Noticed a komodo dragon
     6 | D:1      | Noticed a lindwurm
     7 | D:1      | Noticed a hound
     7 | D:1      | Noticed a rime drake
   190 | D:1      | Gained mutation: You are surrounded by a mild repulsion
                  | field. (EV +2) [demonic ancestry]
   190 | D:1      | Reached XP level 2. HP: 18/24 MP: 2/2
   689 | D:1      | Found a faded altar of an unknown god.
   775 | D:1      | Gained mutation: You sometimes gain a little power by
                  | taking damage. [demonic ancestry]
   775 | D:1      | Reached XP level 3. HP: 21/29 MP: 3/3
  1686 | D:2      | Found a runed translucent door.
  1687 | D:2      | Noticed Crazy Yiuf
  1697 | D:2      | Cast into level 2 of the Abyss (Crazy Yiuf)
  1805 | Abyss:2  | Noticed an apocalypse crab
  1849 | Abyss:2  | Noticed a large abomination
  1853 | Abyss:2  | Noticed a starcursed mass
  1913 | Abyss:2  | Noticed an ancient zyme
  1914 | D:2      | Escaped the Abyss
  1919 | D:2      | Mangled by Crazy Yiuf

Illustrated notes

Levels and vault maps discovered:
D:1:      onia_arrival_zoo_common, layout_basic, ebering_ecumenical_altar_ruins,
          minmay_misc_feat_secret_circle, nrook_uturn
D:2:      minmay_alternating_diamond, layout_loops_corners, basic_altar,
          uniq_crazy_yiuf_cottage

Skill      XL: |  1  2  3 |
---------------+----------+-----
Polearms       | 2 3 |  3.2
Fighting       | |  3.6
Armour         | |  2.6
Shields        | |  2.6

Action                   || total
-------------------------++-------
Melee: Trident           ||   127
  Use: Potion            ||     3
       Scroll            ||     1
Armor: Scale mail        ||    33
Dodge: Dodged            ||    46
Block: Buckler           ||    16

Table legend: (Time is in decaauts)
 A = Elapsed time spent in this place.
 B = Non-inter-level travel time spent in this place.
 C = Inter-level travel time spent in this place.
 D = Time resting spent in this place.
 E = Time spent auto-exploring this place.
 F = Levels seen in this place.
 G = Mean time per level.
                   A        B        C        D        E       F      G
               +--------+--------+--------+--------+--------+-----+--------+
         Total |   1943 |   1900 |     43 |    148 |   1392 |   3 |  647.7 |
       Dungeon |   1725 |   1682 |     43 |      0 |   1392 |   2 |  862.5 |
         Abyss |    217 |    217 |      0 |    148 |      0 |   1 |  217.0 |
               +--------+--------+--------+--------+--------+-----+--------+

Top non-repeatable levels by time:
     D:1: 1382 daAuts
     D:2: 343 daAuts
 Abyss:2: 217 daAuts
